 Dungeon Crawl Stone Soup version 0.19-b1-3-g7dea586 (webtiles) character file.

5324 manyhoops the Fighter (level 10, -5/114 HPs)
             Began as an Ogre Hunter on Oct 28, 2016.
             Was a Believer of Okawaru.
             Slain by a basilisk (7 damage)
             ... on level 9 of the Dungeon.
             The game lasted 00:32:42 (15112 turns).

manyhoops the Fighter (Ogre Hunter)                Turns: 15112, Time: 00:32:43

Health: -5/114     AC:  4    Str: 22    XL:     10   Next: 64%
Magic:  10/10      EV:  1    Int: 10    God:    Okawaru [**....]
Gold:   519        SH:  0    Dex: 10    Spells: 3 memorised, 5 levels left

rFire  x . .     SeeInvis .     g - -3 whip (curse)
rCold  + . .     Gourm    .     b - +1 robe
rNeg   + + +     Faith    .     (no shield)
rPois  ∞         Spirit   .     (helmet restricted)
rElec  .         Reflect  .     (no cloak)
rCorr  .         Harm     .     (gloves unavailable)
MR     +....                    (boots unavailable)
Stlth  ++........               (no amulet)
                                x - ring of ice
                                j - ring of stealth

@: about to teleport, petrified
A: unfitting armour, tough skin 1
a: Heroism, Renounce Religion


You were on level 9 of the Dungeon.
You worshipped Okawaru.
Okawaru was pleased with you.
You were not hungry.

You visited 1 branch of the dungeon, and saw 10 of its levels.
You also visited: Sewer.

You collected 519 gold pieces.

Inventory:

Hand Weapons
 a - a +0 short sword
 d - a +0 giant club
 g - a cursed -3 whip (weapon)
 n - a +0 whip
 A - a cursed -2 whip
 B - a +2 whip of freezing
 O - a cursed -2 spear
 Q - a +0 whip
Armour
 b - a +1 robe (worn)
Jewellery
 j - a ring of stealth (left hand)
 r - an uncursed ring of fire
 v - an uncursed ring of fire
 x - a ring of ice (right hand)
Wands
 p - a wand of lightning (0/15)
 s - a wand of flame (0/48)
 C - a wand of flame (0/48)
 J - a wand of polymorph (6/24)
 L - a wand of iceblast (0/15)
 N - a wand of heal wounds (0/9)
Scrolls
 i - a scroll of magic mapping
 q - a scroll of teleportation
 u - a scroll of fear
 y - a scroll of enchant armour
Potions
 c - 2 potions of agility
 e - a potion of invisibility
 h - a potion of lignification
 l - a potion of berserk rage
 m - 2 potions of flight
 o - 4 potions of haste
 w - 2 potions of cure mutation
 E - a potion of ambrosia
Books
 z - a book of Necromancy

   Spells                             Type                      Level
   a - Pain                           Necromancy                   1
   b - Animate Skeleton               Necromancy                   1
   c - Vampiric Draining              Necromancy                   3
   d - Regeneration                   Charms/Necromancy            3
   e - Animate Dead                   Necromancy                   4
   f - Control Undead                 Necromancy                   4
 D - Sif Muna's Disquisition on Warped Transmutation
   (You found it on level 6 of the Dungeon)

   Spells                             Type                      Level
   a - Beastly Appendage              Transmutation                1
   b - Blink                          Translocation                2
   c - Ignite Poison                  Fire/Transmutation/Poison    3
   d - Gell's Gravitas                Hexes/Translocation          3
   e - Yara's Violent Unravelling     Hexes/Transmutation          5
   f - Dispersal                      Translocation                6
 G - a book of Frost

   Spells                             Type                      Level
   a - Freeze                         Ice                          1
   b - Throw Frost                    Conjuration/Ice              2
   c - Ozocubu's Armour               Charms/Ice                   3
   d - Throw Icicle                   Conjuration/Ice              4
   e - Summon Ice Beast               Ice/Summoning                4
Comestibles
 f - 5 bread rations
 t - 2 meat rations
 F - 9 royal jellies
 H - 2 fruits


   Skills:
 + Level 11.6 Fighting
 - Level 9.2 Maces & Flails
 + Level 11.1 Throwing
 - Level 1.7 Dodging
 - Level 0.6 Stealth
 - Level 0.2 Spellcasting
 - Level 0.2 Necromancy
 - Level 0.5 Evocations


You had 5 spell levels left.
You knew the following spells:

 Your Spells              Type           Power        Failure   Level  Hunger
a - Animate Skeleton      Necr           N/A          38%         1    ##.....
b - Freeze                Ice            #...         38%         1    ##.....
c - Blink                 Tloc           N/A          61%         2    ###....


Dungeon Overview and Level Annotations

Branches:
Dungeon (10/15)            Temple (0/1) D:6
   Lair: D:8-11         Orc: D:9-12

Altars:
Makhleb
Okawaru
Qazlal
Trog
Vehumet
The Shining One

Shops:
D:8 *

Annotations:
D:8 exclusion: ice statue, tv1990's ghost, novice FoMo
D:10 Nergalle


Innate Abilities, Weirdness & Mutations

You are too large for most types of armour.
You have tough skin. (AC +1)


Message History

The centaur shouts!
The centaur wields a shortbow.
The centaur shoots an arrow.
The arrow hits you.
* * * LOW HITPOINT WARNING * * *
The basilisk gazes at you.
You are slowing down.
The centaur shoots an arrow.
The arrow hits you!
* * * LOW HITPOINT WARNING * * *
You feel better.
The centaur shoots an arrow.
The arrow barely misses you.
The centaur shoots an arrow.
The arrow hits you!
* * * LOW HITPOINT WARNING * * *
Your limbs are stiffening.
As you read the scroll of teleportation, it crumbles to dust.
You feel strangely unstable.
The centaur shoots an arrow.
The arrow hits you!
* * * LOW HITPOINT WARNING * * *
The basilisk gazes at you.
Your limbs have turned to stone.
You have turned to stone.
The centaur shoots an arrow.
The arrow completely misses you.
A hill giant comes into view. It is wielding a giant spiked club.
The basilisk bites you!
You die...

#..## ##...#
###....#
##...##
#......#
##8...##
#......#
.#.....#
#......#
..y....#
#......#
.#.....#
#......#
##8....#
#......#
##...##
#@((...#
#...##
....c..l.....#
##Y..#
.............#
##...#
.............#
#...##
..#####......#
##...# .
.).....#
##....#
..C....#
#....##
.......#
#....#


You could see a hill giant (wandering), a basilisk and a centaur.

Vanquished Creatures
  Pikel (D:4)
  The ghost of p0werm0de the Martial Artist, a novice TeCK of Xom (D:7)
  The ghost of Mesmaeker13 the Conjurer, a novice HECj (D:4)
  Grinder (D:5)
  A yak (D:9)
  Menkaure (D:4)
  Duvessa (D:6)
  2 orc warriors
  A hornet zombie (D:9)
  2 sky beasts (D:5)
  3 ice beasts
  3 phantoms
  2 slaves (D:4)
  4 ogres
  4 centaurs
  A crocodile (Sewer)
  4 bullfrogs
  A big kobold (D:8)
  Dowan (D:6)
  A wyvern skeleton (D:6)
  2 scorpions
  A water moccasin skeleton (D:9)
  6 crimson imps
  2 howler monkeys
  3 bullfrog zombies
  6 jellies
  A quasit (D:7)
  2 centaur skeletons
  An orc priest (D:7)
  4 hounds
  2 bullfrog skeletons
  An orc wizard (D:6)
  7 worker ants
  A hound skeleton (D:7)
  A worker ant zombie (D:9)
  9 gnolls
  A river rat (D:3)
  7 adders
  A howler monkey skeleton (D:6)
  A shadow imp (D:8)
  6 oozes
  4 adder zombies
  3 worms
  2 dart slugs
  9 leopard geckos
  11 orcs
  4 ball pythons (D:3)
  11 bats
  4 giant cockroaches
  8 goblins
  7 hobgoblins
  11 jackals
  2 frilled lizards
  A giant cockroach zombie (D:5)
  14 kobolds
  A leopard gecko skeleton (D:6)
  7 rats
200 creatures vanquished.

Vanquished Creatures (collateral kills)
  A bullfrog skeleton (D:5)
1 creature vanquished.

Grand Total: 201 creatures vanquished

Notes
Turn   | Place    | Note
-------+----------+-------------------------------------------
     0 | D:1      | manyhoops the Ogre Hunter began the quest for the Orb.
     0 | D:1      | Reached XP level 1. HP: 22/22 MP: 1/1
   146 | D:1      | Reached XP level 2. HP: 3/29 MP: 2/2
   725 | D:1      | Reached skill level 1 in Maces & Flails
  1187 | D:1      | Reached XP level 3. HP: 35/37 MP: 3/3
  2224 | D:2      | Reached XP level 4. HP: 32/45 MP: 4/4
  2786 | D:2      | Reached XP level 5. HP: 52/54 MP: 5/5
  2920 | D:3      | Found a glowing drain.
  2943 | D:3      | Reached skill level 5 in Throwing
  3025 | Sewer    | Entered a sewer
  3298 | Sewer    | Noticed a crocodile
  3301 | Sewer    | Killed a crocodile
  3493 | D:3      | Reached XP level 6. HP: 42/62 MP: 6/6
  4090 | D:4      | Noticed Mesmaeker13's ghost (novice HECj)
  4387 | D:4      | Noticed Menkaure
  4390 | D:4      | Killed Menkaure
  4390 | D:4      | Reached skill level 5 in Maces & Flails
  4565 | D:4      | Killed Mesmaeker13's ghost
  4565 | D:4      | Reached skill level 5 in Fighting
  4565 | D:4      | Reached XP level 7. HP: 13/72 MP: 7/7
  5532 | D:4      | Noticed Pikel
  5554 | D:4      | Killed Pikel
  5554 | D:4      | Reached XP level 8. HP: 45/84 MP: 8/8
  5776 | D:5      | Entered Level 5 of the Dungeon
  5945 | D:5      | Learned a level 1 spell: Animate Skeleton
  6371 | D:5      | Found an iron altar of Okawaru.
  6385 | D:5      | Became a worshipper of Warmaster Okawaru
  6818 | D:6      | Reached XP level 9. HP: 72/94 MP: 9/9
  7124 | D:6      | Found a burning altar of Makhleb.
  7124 | D:6      | Noticed an Executioner
  7878 | D:5      | Noticed Grinder
  7878 | D:5      | Paralysed by Grinder for 7 turns
  7901 | D:5      | Killed Grinder
  7901 | D:5      | Reached * piety under Okawaru
  8133 | D:6      | Noticed Duvessa
  8134 | D:6      | Noticed Dowan
  8138 | D:6      | Killed Duvessa
  8161 | D:6      | Killed Dowan
  8524 | D:6      | Found a staircase to the Ecumenical Temple.
  8525 | D:6      | Identified Sif Muna's Disquisition on Warped Transmutation
  8703 | D:6      | Reached ** piety under Okawaru
  8841 | D:6      | Found a stormy altar of Qazlal.
  9405 | D:7      | Learned a level 1 spell: Freeze
  9408 | D:7      | Learned a level 2 spell: Blink
  9876 | D:7      | Noticed p0werm0de's ghost (novice TeCK)
  9979 | D:7      | Reached skill level 10 in Throwing
 10102 | D:7      | Reached XP level 10. HP: 100/109 MP: 10/10
 10288 | D:7      | Found a faded altar of an unknown god.
 10288 | D:7      | Found a faded altar of an unknown god.
 10293 | D:7      | Found a bloodstained altar of Trog.
 10295 | D:7      | Found a faded altar of an unknown god.
 10297 | D:7      | Found a faded altar of an unknown god.
 10419 | D:7      | Killed p0werm0de's ghost
 10419 | D:7      | Reached skill level 10 in Fighting
 11194 | D:8      | Noticed tv1990's ghost (novice FoMo)
 11266 | D:8      | Found a radiant altar of Vehumet.
 12417 | D:8      | Found Torutisu's General Store.
 12543 | D:8      | Noticed an ice statue
 12951 | D:9      | Found a glowing golden altar of the Shining One.
 14705 | D:10     | Entered Level 10 of the Dungeon
 14705 | D:10     | Noticed Nergalle
 15109 | D:9      | HP: 1/114 [centaur/arrow (9)]
 15112 | D:9      | Noticed a hill giant
 15112 | D:9      | Slain by a basilisk

Skill      XL: |  1  2  3  4  5  6  7  8  9 10 |
---------------+-------------------------------+-----
Maces & Flails | 1 2 3 4 5 6 7 9 |  9.2
Fighting       | 3 4 5 6 7 9 11 | 11.6
Throwing       | 5 6 8 10 11 | 11.1
Dodging        | |  1.7
Stealth        | |  0.6
Spellcasting   | |  0.2
Necromancy     | |  0.2
Evocations     | |  0.5

Action                   |  1- 3 |  4- 6 |  7- 9 | 10-12 || total
-------------------------+-------+-------+-------+-------++-------
Melee: Whip              |   212 |   118 |   375 |   582 ||  1287
       Short sword       |     6 |       |       |       ||     6
Throw: Large rock        |    12 |    35 |    22 |    11 ||    80
       Javelin           |       |    23 |    91 |    38 ||   152
       Throwing net      |       |     3 |     1 |     5 ||     9
 Cast: Animate Skeleton  |       |       |     3 |     2 ||     5
Evoke: Wand              |       |       |    37 |     8 ||    45
  Use: Scroll            |     5 |    10 |     7 |     9 ||    31
       Potion            |       |     1 |     5 |     3 ||     9
 Stab: Sleeping          |     2 |     3 |     4 |     3 ||    12
       Distracted        |       |       |       |     1 ||     1
  Eat: Bread ration      |     1 |       |     1 |     1 ||     3
       Chunk             |       |     5 |     2 |     3 ||    10
       Royal jelly       |       |     1 |     1 |     1 ||     3
       Meat ration       |       |       |     2 |     1 ||     3
       Pizza             |       |       |     1 |       ||     1
Armor: Robe              |    82 |    66 |    87 |   120 ||   355
       Skin              |       |       |     8 |       ||     8
Dodge: Dodged            |   167 |   100 |   176 |   244 ||   687
